 Dungeon Crawl Stone Soup version 0.23.2 (webtiles) character file.

Game seed: 14527467841996436777

2304 Fang the Skirmisher (level 9, 0/57 HPs)
             Began as a Gargoyle Berserker on Apr 9, 2019.
             Was an Elder of Trog.
             Slain by a killer bee (6 damage)
             ... on level 7 of the Dungeon.
             The game lasted 00:08:39 (5056 turns).

Fang the Skirmisher (Gargoyle Berserker)            Turns: 5056, Time: 00:08:39

Health: 0/57       AC: 23    Str: 27    XL:     9   Next: 40%
Magic:  9/9        EV: 11    Int:  8    God:    Trog [****..]
Gold:   369        SH:  0    Dex: 11    Spells: 8/8 levels left

rFire    + . .     SeeInvis .   q - +1 war axe (chop)
rCold    x . .     Gourm    .   (no shield)
rNeg     + + .     Faith    .   b - +0 chain mail
rPois    ∞         Spirit   .   o - +2 helmet
rElec    +         Reflect  .   (no cloak)
rCorr    .         Harm     .   C - +1 pair of gloves
MR       .....                  f - +0 pair of boots (curse)
Stlth    ..........             w - amulet of Mistrust {Inacc rElec rC- rN+ Dex+2}
HPRegen  0.19/turn              e - +3 ring of strength
MPRegen  0.11/turn              u - ring of protection from fire

@: berserk cooldown, slowed, very slow
A: negative energy resistance 1, electricity resistance, unbreathing,
petrification resistance, rot immunity, AC +6
a: Berserk, Trog's Hand, Brothers in Arms, Renounce Religion


You were on level 7 of the Dungeon.
You worshipped Trog.
Trog was greatly pleased with you.
You were very hungry.

You visited 2 branches of the dungeon, and saw 8 of its levels.

You collected 369 gold pieces.

Inventory:

Hand Weapons
 a - a +0 war axe
 q - a +1 war axe of chopping (weapon)
Armour
 b - a +0 chain mail (worn)
 f - a cursed +0 pair of boots (worn)
 o - a +2 helmet (worn)
 C - a +1 pair of gloves (worn)
Jewellery
 e - a +3 ring of strength (left hand)
 u - a ring of protection from fire (right hand)
 w - the amulet of Mistrust (around neck) {Inacc rElec rC- rN+ Dex+2}
   (You found it on level 5 of the Dungeon)

   [amulet of inaccuracy]

   It reduces the accuracy of all your attacks.
   It affects your dexterity (+2).
   It makes you vulnerable to cold.
   It insulates you from electricity.
   It protects you from negative energy.
Wands
 y - a wand of acid (9)
Scrolls
 d - 5 scrolls of identify {unknown}
 g - 2 scrolls of enchant armour {unknown}
 h - 2 scrolls of magic mapping {unknown}
 j - a scroll of teleportation {unknown}
 l - 5 scrolls of remove curse {unknown}
 n - a scroll of fear {unknown}
 p - a scroll of noise {unknown}
 r - a scroll of fog {unknown}
Potions
 i - 4 potions of curing {unknown}
 k - 2 potions of flight {unknown}
 m - 2 potions of heal wounds {unknown}
 s - a potion of berserk rage {unknown}
 t - a potion of invisibility {unknown}
 v - a potion of cancellation {unknown}
 z - a potion of mutation {unknown}
 A - 3 potions of brilliance {unknown}
 B - a potion of agility
Comestibles
 c - 11 rations
 x - 5 chunks of flesh


   Skills:
 + Level 7.5 Fighting
 + Level 6.2 Axes
 + Level 7.0 Armour
 + Level 5.3 Dodging


You had 8 spell levels left.
You didn't know any spells.
Your spell library was empty.

Dungeon Overview and Level Annotations

Branches:
Dungeon (7/15)             Temple (1/1) D:4

Altars:
Ashenzari
Hepliaklqana
Kikubaaqudgha
Ru
Trog
Uskayaw
Zin
The Shining One

Shops:
D:5 (


Innate Abilities, Weirdness & Mutations

You are resistant to torment.
Your stone body is resilient. (AC +6)
You are immune to poison.
You resist negative energy. (rN+)
You are resistant to electric shocks. (rElec)
You can survive without breathing.
You are immune to petrification.
You are immune to rotting.


Message History

You miss the killer bee. You slash the killer bee!
The killer bee stings you but does no damage.
The killer bee barely misses you.
The killer bee stings you but does no damage.
The killer bee closely misses you. x2; The killer bee stings you.
* * * LOW HITPOINT WARNING * * *
The killer bee barely misses you.
You miss the killer bee. You closely miss the killer bee.
The killer bee barely misses you. The killer bee closely misses you.
The killer bee stings you.
* * * LOW HITPOINT WARNING * * *
The killer bee barely misses you. The killer bee stings you.
* * * LOW HITPOINT WARNING * * *
The killer bee stings you but does no damage.
The killer bee barely misses you.
The killer bee stings you but does no damage.
You miss the killer bee. x2
The killer bee stings you but does no damage.
The killer bee closely misses you. The killer bee stings you.
You die...

#.#.##.####. #####
#.#......... #
#...# #.####..###.
.. #...# #.
##.##<# ... #...#
#. #.##.# ....
#...# #..#.#
.....##...###
##.#..
.$...yyy....#
#.### ..##@..#.#
#..## #...#.#
##.## #..%#.#
#######..# #...#.#
..........
#####.##########.#
#.#...........
#.#.########.#
#.#.##### #.#
#.#.....# #..


You could see 3 killer bees.

Vanquished Creatures
  Grinder (D:6)
  An orc warrior (D:7)
  3 ogres
  A centaur (D:7)
  4 bullfrogs
  3 killer bees (D:7)
  7 wights
  2 howler monkeys (D:7)
  5 crimson imps
  A centaur zombie (D:7)
  4 jellies
  A centaur skeleton (D:4)
  4 hounds
  3 orc wizards
  An iguana (D:5)
  4 worker ants
  A killer bee zombie (D:6)
  7 adders
  A shadow imp (D:5)
  2 oozes
  An adder zombie (D:5)
  2 worms
  3 dart slugs
  9 leopard geckos
  20 orcs
  2 giant cockroaches
  11 goblins
  8 hobgoblins
  14 jackals
  2 quokkas
  9 bats
  4 frilled lizards
  7 kobolds
  12 rats
160 creatures vanquished.

Notes
Turn   | Place    | Note
-------+----------+-------------------------------------------
     0 | D:1      | Fang the Gargoyle Berserker began the quest for the Orb.
     0 | D:1      | Reached XP level 1. HP: 14/14 MP: 1/1
   247 | D:1      | Reached XP level 2. HP: 9/19 MP: 2/2
   494 | D:1      | Reached XP level 3. HP: 7/23 MP: 3/3
   767 | D:1      | Reached ** piety under Trog
  1412 | D:2      | Reached XP level 4. HP: 18/29 MP: 4/4
  1912 | D:3      | Found a bloodstained altar of Trog.
  1979 | D:3      | Found a glowing silver altar of Zin.
  2045 | D:3      | Reached XP level 5. HP: 26/33 MP: 5/5
  2103 | D:3      | Reached *** piety under Trog
  2229 | D:3      | Found an ancient bone altar of Kikubaaqudgha.
  2506 | D:4      | Found a hide-covered altar of Uskayaw.
  2695 | D:4      | Reached XP level 6. HP: 36/39 MP: 6/6
  2765 | D:4      | Found a staircase to the Ecumenical Temple.
  2853 | Temple   | Entered the Ecumenical Temple
  2872 | D:5      | Entered Level 5 of the Dungeon
  2880 | D:5      | Found a hazy altar of Hepliaklqana.
  2917 | D:5      | Got a glittering garnet amulet
  2918 | D:5      | Identified the amulet of Mistrust {Inacc rElec rC- rN+
                  | Dex+2} (You found it on level 5 of the Dungeon)
  2985 | D:5      | Found Enluel's Antique Weapon Emporium.
  3153 | D:5      | Reached skill level 5 in Fighting
  3155 | D:5      | Reached XP level 7. HP: 44/44 MP: 7/7
  3304 | D:5      | Found a glowing golden altar of the Shining One.
  3547 | D:6      | Reached skill level 5 in Armour
  3717 | D:6      | Reached XP level 8. HP: 51/51 MP: 8/8
  3846 | D:6      | Noticed Grinder
  3876 | D:6      | Killed Grinder
  3876 | D:6      | Reached skill level 5 in Axes
  3877 | D:6      | Reached **** piety under Trog
  4642 | D:7      | Reached XP level 9. HP: 35/56 MP: 9/9
  4673 | D:7      | Reached skill level 5 in Dodging
  5056 | D:7      | Slain by a killer bee

Skill      XL: |  1  2  3  4  5  6  7  8  9 |
---------------+----------------------------+-----
Dodging        | 2 3 4 5 |  5.3
Axes           | 3 4 5 6 |  6.2
Armour         | 3 4 5 6 7 |  7.0
Fighting       | 4 5 6 7 |  7.5

Action                   |  1- 3 |  4- 6 |  7- 9 || total
-------------------------+-------+-------+-------++-------
Melee: Hand axe          |   111 |    83 |       ||   194
       War axe           |       |   115 |   301 ||   416
Invok: Berserk           |       |       |     2 ||     2
  Eat: Chunk             |     2 |     6 |     7 ||    15
Armor: Animal skin       |    48 |     1 |       ||    49
       Chain mail        |       |   147 |   275 ||   422
Dodge: Dodged            |   102 |   121 |   271 ||   494
